 Dungeon Crawl Stone Soup version 0.21.0-3-g78d12a8 (webtiles) character file.

303 nikopol the Chopper (level 6, -2/55 HPs)
             Began as a Minotaur Berserker on Jan 14, 2018.
             Was a Priest of Trog.
             Splashed by a gnoll's acid (12 damage)
             ... on level 4 of the Dungeon.
             The game lasted 00:06:45 (2932 turns).

nikopol the Chopper (Minotaur Berserker)            Turns: 2932, Time: 00:06:47

Health: -2/55      AC:  9    Str: 23    XL:     6   Next: 15%
Magic:  0/5        EV:  8    Int:  4    God:    Trog [***...]
Gold:   200        SH:  3    Dex: 10    Spells: 5/5 levels left

rFire    . . .     SeeInvis .   a - +0 hand axe
rCold    . . .     Gourm    .   o - +0 buckler
rNeg     . . .     Faith    .   x - +3 chain mail {MR+}
rPois    +         Spirit   +   r - +1 hat
rElec    .         Reflect  .   B - +0 cloak
rCorr    .         Harm     .   i - +2 pair of gloves
MR       +....                  (no boots)
Stlth    ..........             l - amulet of guardian spirit
HPRegen  0.18/turn              (no ring)
MPRegen  0.09/turn              z - ring of poison resistance

@: corroded
A: retaliatory headbutt, horns 2
a: Berserk, Trog's Hand, Burn Spellbooks, Renounce Religion


You were on level 4 of the Dungeon.
You worshipped Trog.
Trog was most pleased with you.
You were not hungry.

You visited 1 branch of the dungeon, and saw 4 of its levels.

You collected 200 gold pieces.

Inventory:

Hand Weapons
 a - a +0 hand axe (weapon)
 w - a +4 flail
Missiles
 n - 47 arrows
Armour
 i - a +2 pair of gloves (worn)
 o - a +0 buckler (worn)
 r - a +1 hat (worn)
 x - a +3 chain mail of magic resistance (worn)
 B - a +0 cloak (worn)
Jewellery
 l - an amulet of guardian spirit (around neck)
 y - an uncursed amulet of harm {unknown}
 z - a ring of poison resistance (right hand)
Wands
 u - a wand of flame (29)
Scrolls
 d - 7 scrolls of identify {unknown}
 e - 5 scrolls of amnesia {unknown}
 f - 2 scrolls of enchant armour {unknown}
 g - a scroll of enchant weapon {unknown}
 m - 2 scrolls of remove curse {unknown}
 q - 3 scrolls of fog {unknown}
Potions
 j - 2 potions of mutation {unknown}
 k - 3 potions of curing {unknown}
 p - 2 potions of flight {unknown}
 t - a potion of might {unknown}
 v - a potion of lignification {unknown}
Comestibles
 c - 9 rations
 A - 10 chunks of flesh


   Skills:
 + Level 4.9 Fighting
 + Level 6.5 Axes
 + Level 3.8 Armour
 + Level 2.9 Dodging
 + Level 0.1 Stealth
 + Level 0.5 Shields


You had 5 spell levels left.
You didn't know any spells.

Dungeon Overview and Level Annotations

Branches:
Dungeon (4/15)
 Temple: D:4-7

Altars:
Kikubaaqudgha
Makhleb
Okawaru
Zin


Innate Abilities, Weirdness & Mutations

You reflexively headbutt those who attack you in melee.
You have a pair of horns on your head.


Message History

You are too injured to fight recklessly!
You are too injured to fight recklessly!
You are too injured to fight recklessly!
You are too injured to fight recklessly!
You are too injured to fight recklessly!
You are too injured to fight recklessly!
You are too injured to fight recklessly!
Found an escape hatch in the ceiling.
A gnoll comes into view.
The gnoll shouts!
The gnoll hits you but does no damage.
A worker ant, a gnoll shaman and a howler monkey come into view.
The howler monkey howls!
The gnoll shaman shouts!
You slash the gnoll! You headbutt the gnoll.
The gnoll is almost dead.
You hear a shout!
The gnoll zaps a wand.
The bolt of acid hits you!
* * * LOW HITPOINT WARNING * * *
The acid corrodes you!
You are splashed with acid!
The acid burns!
You die...

###### ##.....##
######## ........##
#.......
a<.......########.......
...........††%..........
g.g........††..##.......
.........########...>...
.......@................
......g..########.......
.......!## #.......
##....... ##...###
##....... ###...#
#......h...####.....#
.....................#
####.....####........#
##+# #####....#


You could see a gnoll shaman, a howler monkey, a worker ant and 2 gnolls.

Vanquished Creatures
  A hound (D:4)
  An orc wizard (D:4)
  A centaur skeleton (D:4)
  Terence (D:3)
  A hound skeleton (D:4)
  Robin (D:3)
  4 adders
  2 gnolls (D:4)
  An adder skeleton (D:3)
  2 worms
  A dart slug (D:2)
  3 leopard geckos
  3 orcs
  A bat (D:1)
  5 giant cockroaches
  18 goblins
  15 hobgoblins
  12 jackals
  9 kobolds
  2 quokkas (D:2)
  A ball python (D:2)
  3 frilled lizards
  4 rats
92 creatures vanquished.

Notes
Turn   | Place    | Note
-------+----------+-------------------------------------------
     0 | D:1      | nikopol the Minotaur Berserker began the quest for the Orb.
     0 | D:1      | Reached XP level 1. HP: 19/19 MP: 0/0
    84 | D:1      | HP: 1/20 [hobgoblin (1)]
    85 | D:1      | Reached skill level 4 in Axes
    85 | D:1      | Reached XP level 2. HP: 1/27 MP: 1/1
  1159 | D:2      | Reached XP level 3. HP: 27/33 MP: 0/2
  1220 | D:2      | Found an ancient bone altar of Kikubaaqudgha.
  1331 | D:2      | Reached ** piety under Trog
  1512 | D:2      | Reached XP level 4. HP: 40/41 MP: 3/3
  1543 | D:2      | Reached skill level 5 in Axes
  1882 | D:3      | Found an iron altar of Okawaru.
  1928 | D:3      | Noticed Robin
  1944 | D:3      | Killed Robin
  2042 | D:3      | Found a burning altar of Makhleb.
  2056 | D:3      | Found a glowing silver altar of Zin.
  2056 | D:3      | Noticed an angel
  2057 | D:3      | Noticed a balrug
  2172 | D:3      | Noticed Terence
  2183 | D:3      | Killed Terence
  2183 | D:3      | Reached XP level 5. HP: 47/47 MP: 4/4
  2583 | D:4      | Reached skill level 6 in Axes
  2882 | D:4      | Reached XP level 6. HP: 55/55 MP: 5/5
  2927 | D:4      | Reached *** piety under Trog
  2932 | D:4      | Splashed by a gnoll's acid

Skill      XL: |  1  2  3  4  5 |
---------------+----------------+-----
Axes           | 4 5 6 |  6.5
Fighting       | 4 |  4.9
Armour         | 3 |  3.8
Dodging        | |  2.9
Stealth        | |  0.1
Shields        | |  0.5

Action                   |  1- 3 |  4- 6 || total
-------------------------+-------+-------++-------
Melee: Hand axe          |    91 |   127 ||   218
       Headbutt          |    11 |    23 ||    34
Invok: Berserk           |       |     1 ||     1
  Eat: Chunk             |     2 |     6 ||     8
Armor: Animal skin       |     1 |       ||     1
       Scale mail        |    45 |    54 ||    99
       Chain mail        |       |    14 ||    14
Dodge: Dodged            |    42 |    52 ||    94
Block: Buckler           |     5 |    15 ||    20
